 Dungeon Crawl Stone Soup version 0.14-a0-2340-g8df0fbc (webtiles) character file.

500 4tharraofdagon the Slasher (level 7, 0/36 HPs)
             Began as a Vine Stalker Gladiator on Jan 30, 2014.
             Succumbed to poison (a potion of poison)
             ... on Level 6 of the Dungeon.
             The game lasted 00:06:27 (1253 turns).

4tharraofdagon the Slasher (Vine Stalker Gladiator) Turns: 1253, Time: 00:06:27

HP   0/36        AC  5     Str 20      XL: 7   Next: 11%
MP   6/14        EV 13     Int  8      God:
Gold 22          SH  0     Dex 14      Spells:  0 memorised, 10 levels left

rFire  . . .     SeeInvis .     e - +3,+1 elf short sword (venom)
rCold  . . .     Clarity  .     b - +0 leather armour
rNeg   . . .     Conserve .     (no shield)
rPois  .         rCorr    .     c - +0 helmet
rElec  .         rRot     +     (no cloak)
SustAb . .       Spirit   +     h - +0 pair of elf gloves
rMut   .         Warding  .     (no boots)
Saprov . . .     Stasis   +     k - amulet of stasis
MR     .....                    (no ring)
                                (no ring)

@: mildly poisoned, not resistant to hostile enchantments, unstealthy
A: fangs 2, regeneration 2, magic shield, antimagic bite, no device heal
a: no special abilities


You were on level 6 of the Dungeon.
You were hungry.

You visited 1 branch of the dungeon, and saw 6 of its levels.

You collected 148 gold pieces.
You spent 126 gold pieces at shops.

Inventory:

Hand weapons
 a - a +0,+0 falchion
 e - a +3,+1 elven short sword of venom (weapon)
Missiles
 d - 3 throwing nets (quivered)
Armour
 b - a +0 leather armour (worn)
 c - a +0 helmet (worn)
 h - a +0 pair of elven gloves (worn)
 q - a cursed +0 pair of boots
Comestibles
 f - 4 bread rations
 g - a lemon
Scrolls
 j - 2 scrolls of identify
 l - 3 scrolls of noise
 p - a scroll of enchant armour
Jewellery
 k - an amulet of stasis (around neck)
Potions
 m - a potion of brilliance
 n - a potion of flight
 o - a potion of decay
Books
 i - a book of the Earth

   Spells                             Type                      Level
   Dig                                Earth                        4
   Leda's Liquefaction                Hexes/Earth                  4
   Bolt of Magma                      Conjuration/Fire/Earth       5
   Statue Form                        Transmutation/Earth          6
   Iron Shot                          Conjuration/Earth            6
   Shatter                            Earth                        9


   Skills:
 + Level 3.1 Fighting
 * Level 4.7 Long Blades
 - Level 1.7 Throwing
 + Level 2.3 Armour
 + Level 3.5 Dodging
 + Level 2.0 Spellcasting


You had 10 spell levels left.
You didn't know any spells.

Dungeon Overview and Level Annotations

Branches:
Dungeon (6/16)
 Temple: D:4-7

Altars:
Okawaru

Shops:
D:5 ?


Innate Abilities, Weirdness & Mutations

You have extremely sharp teeth.
You heal very quickly.
When hurt, damage is shared between your health and your magic reserves.
Your bite disrupts and absorbs the magic of your enemies.
Potions and wands cannot restore your HP.


Message History

* * * LOW HITPOINT WARNING * * *
You feel sick. The bat barely misses you. The bat closely misses you.
The bat hits you but does no damage. The bat closely misses you.
* * * LOW HITPOINT WARNING * * *
You feel sick. The bat hits you but does no damage.
* * * LOW HITPOINT WARNING * * *
You feel sick. The bat closely misses you. The bat hits you.
* * * LOW HITPOINT WARNING * * *
The bat hits you but does no damage. The bat closely misses you.
* * * LOW HITPOINT WARNING * * *
You feel sick. The bat hits you.
* * * LOW HITPOINT WARNING * * *
The bat closely misses you.
* * * LOW HITPOINT WARNING * * *
You feel sick. The bat hits you but does no damage. The bat barely misses you.
* * * LOW HITPOINT WARNING * * *
You feel sick. The bat barely misses you.
You die...

.....o..............
..)!....kk.........
..........kk.......
####.##k##########
#.#.o.ak...#####...
########........#
#...............#
#.#######.......#
#...kb@.+.......
#.#######....... ###
.###### .# ##


You could see a killer bee and a bat.

Vanquished Creatures
  4 ogres
  An iguana (D:4)
  A hound (D:6)
  An orc priest (D:6)
  A hound zombie (D:6)
  A hound skeleton (D:4)
  2 adders (D:4)
  3 orcs
  2 ball pythons
  A bat (D:2)
  A giant cockroach (D:6)
  2 hobgoblins
  5 jackals
  5 kobolds
  A ball python skeleton (D:4)
  2 goblins
  A goblin skeleton (D:4)
  A rat (D:4)
35 creatures vanquished.

Notes
Turn   | Place    | Note
--------------------------------------------------------------
     0 | D:1      | 4tharraofdagon, the Vine Stalker Gladiator, began the quest for the Orb.
     0 | D:1      | Reached XP level 1. HP: 11/11 MP: 1/1
   235 | D:3      | Found an iron altar of Okawaru.
   285 | D:3      | Noticed an ogre
   326 | D:3      | Reached XP level 2. HP: 15/15 MP: 3/3
   328 | D:3      | Killed an ogre
   328 | D:3      | Reached skill level 3 in Long Blades
   328 | D:3      | Reached skill level 1 in Armour
   328 | D:3      | Reached XP level 3. HP: 17/19 MP: 4/4
   328 | D:3      | Reached XP level 4. HP: 20/23 MP: 5/5
   577 | D:4      | Reached XP level 5. HP: 10/27 MP: 4/7
   676 | D:4      | Noticed an ogre
   763 | D:4      | Killed an ogre
   763 | D:4      | Reached skill level 4 in Long Blades
   763 | D:4      | Reached skill level 1 in Spellcasting
   763 | D:4      | Gained mutation: You heal very quickly. [vine stalker growth]
   763 | D:4      | Reached XP level 6. HP: 25/32 MP: 7/10
   832 | D:5      | Entered Level 5 of the Dungeon
   884 | D:5      | Found Coyrooro's Magic Scroll Boutique.
   892 | D:5      | Bought a scroll of identify for 22 gold pieces
   892 | D:5      | Bought a scroll of enchant armour for 60 gold pieces
   892 | D:5      | Bought a scroll of identify for 22 gold pieces
   893 | D:5      | Bought a scroll of identify for 22 gold pieces
  1171 | D:6      | Reached XP level 7. HP: 23/36 MP: 5/14
  1251 | D:6      | HP: 1/36 [poison (a potion of poison)]
  1253 | D:6      | Succumbed to poison (a potion of poison)

Action                   |  1- 3 |  4- 6 |  7- 9 || total
-------------------------+-------+-------+-------++-------
Melee: Short sword       |    17 |    91 |     2 ||   110
       Falchion          |     7 |       |       ||     7
  Use: Scroll            |       |     2 |     1 ||     3
       Potion            |       |       |     1 ||     1
